AoeStats
← PrawnUnit4591

Black Forest

504253536Analyzed
4v4 RM · 26d ago on Sep 4, 2026· 79m 4s· 8 players
Game mode
Random Map
Map size
Large (8 player)
Population
200
Speed
Normal
Resources
Standard
Victory
Conquest
Starting age
Dark Age
Ending age
Imperial Age
RankedLock teamsTeams togetherTeam positionsShared explorationLock speedFull tech treeHidden civsTurbo modeCheats
Victory
Defeat
🇨🇳 Persians · China
877
+14
🇿🇦 Turks · South Africa
849
+15
🇺🇦 Bohemians · Ukraine
778
+18
🇨🇳 Spanish · China
699
+21
🇮🇹 Romans · Italy
854
-18
🇬🇧 Bohemians · United Kingdom
844
-18
🇸🇪 Maya · Sweden
829
-17
🇩🇪 Britons · Germany
786
-15
stinkelton7
2:23 Loom
11:09 Feudal Age
13:43 Double-Bit Axe
14:07 Double-Bit Axe
16:38 Castle Age
17:29 Fletching
19:41 Bow Saw
19:18 Horse Collar
22:07 Heavy Plow
29:13 Ballistics
29:11 Fortified Wall
30:16 Caravan
34:37 Imperial Age
32:52 Yeomen
33:38 Masonry
34:59 Elite Longbowman
36:26 Conscription
38:35 Warwolf
41:25 Bodkin Arrow
41:31 Padded Archer Armor
42:02 Pikeman
42:28 Arson
42:44 Squires
42:49 Onager
45:31 Bracer
45:47 Leather Archer Armor
50:05 Man-at-Arms
50:08 Halberdier
51:31 Ring Archer Armor
51:13 Forging
51:03 Scale Mail Armor
52:14 Town Watch
53:06 Wheelbarrow
57:23 Iron Casting
57:04 Chain Mail Armor
63:36 Hand Cart
69:08 Chemistry
68:04 Guard Tower
78:27 Crossbowman
-Slipstream/Matt
11:32 Feudal Age
12:22 Double-Bit Axe
16:53 Castle Age
16:31 Horse Collar
20:57 Wheelbarrow
20:58 Heavy Plow
21:14 Bow Saw
21:48 Heavy Plow
21:39 Loom
23:19 Hand Cart
24:42 Ballistics
26:15 Chemistry
27:08 Fletching
27:18 Padded Archer Armor
27:51 Masonry
27:46 Bodkin Arrow
29:17 Leather Archer Armor
35:06 Imperial Age
32:53 Scale Mail Armor
33:05 Forging
33:07 Town Watch
33:28 Caravan
36:53 Conscription
36:45 Wagenburg Tactics
38:42 Hussite Reforms
40:17 Pikeman
41:04 Halberdier
45:35 Iron Casting
45:07 Scale Barding Armor
45:19 Chain Mail Armor
45:05 Bracer
45:35 Ring Archer Armor
47:17 Houfnice
49:36 Squires
51:04 Arson
51:28 Town Patrol
56:52 Two-Man Saw
BrunoMontalcino
7:17 Loom
11:09 Feudal Age
15:33 Castle Age
14:07 Double-Bit Axe
14:11 Horse Collar
19:13 Heavy Plow
19:25 Bow Saw
21:50 Wheelbarrow
22:48 Stone Mining
22:48 Gold Mining
24:04 Caravan
25:44 Hand Cart
25:16 Town Watch
26:12 Gold Shaft Mining
29:32 Imperial Age
28:02 Ballistics
27:55 Masonry
28:35 Fletching
28:48 Scale Mail Armor
28:59 Forging
30:57 Crop Rotation
29:54 Heavy Scorpion
30:55 Capped Ram
33:47 Bodkin Arrow
34:27 Architecture
34:58 Chemistry
33:32 Siege Ram
34:51 Man-at-Arms
35:32 Squires
35:59 Ballistas
36:41 Siege Engineers
36:38 Long Swordsman
37:38 Legionary
38:38 Chain Mail Armor
38:59 Iron Casting
38:22 Murder Holes
45:53 Pikeman
48:25 Blast Furnace
47:40 Fortified Wall
48:26 Halberdier
56:11 Onager
72:24 Guilds
Mr:YOX
0:30 Loom
13:54 Feudal Age
15:13 Wheelbarrow
15:43 Fletching
21:14 Double-Bit Axe
21:11 Horse Collar
21:22 Stone Mining
21:24 Gold Mining
24:39 Castle Age
25:27 Bodkin Arrow
25:52 Guard Tower
26:13 Fortified Wall
26:14 Masonry
25:46 Treadmill Crane
28:28 Treadmill Crane
32:06 Elite Skirmisher
38:30 Imperial Age
36:44 Bow Saw
36:37 Heavy Plow
36:46 Hul'che Javelineers
36:56 Padded Archer Armor
38:01 Leather Archer Armor
39:13 Bracer
39:43 Ring Archer Armor
39:24 Thumb Ring
40:39 Chemistry
42:39 Conscription
49:35 Ballistics
49:46 Architecture
48:59 Elite Plumed Archer
50:18 Forging
50:09 Scale Mail Armor
54:04 Eagle Warrior
54:49 Squires
55:07 Arson
56:01 Iron Casting
55:41 Chain Mail Armor
55:21 Elite Eagle Warrior
56:36 Holcans
56:14 Caravan
57:52 Blast Furnace
58:10 Plate Mail Armor
yg13382939557
1:53 Loom
12:01 Feudal Age
22:45 Castle Age
21:20 Fletching
22:38 Double-Bit Axe
22:47 Stone Mining
23:48 Padded Archer Armor
23:43 Gold Mining
23:37 Horse Collar
25:16 Stone Shaft Mining
34:42 Imperial Age
32:05 Town Watch
33:00 Wheelbarrow
32:40 Guard Tower
33:16 Ballistics
33:28 Elite Skirmisher
34:25 Bodkin Arrow
34:47 Fortified Wall
35:21 Hand Cart
34:52 Town Watch
35:27 Leather Archer Armor
39:27 Chemistry
38:22 Man-at-Arms
38:48 Gambesons
39:04 Squires
43:12 Long Swordsman
44:05 Arson
54:16 Bracer
55:31 Ring Archer Armor
56:22 Bloodlines
63:48 Two-Handed Swordsman
64:42 Forging
64:33 Scale Mail Armor
64:47 Scale Barding Armor
65:17 Husbandry
64:38 Light Cavalry
66:42 Elite Conquistador
72:35 Caravan
77:12 Chain Barding Armor
77:28 Iron Casting
79:06 Plate Barding Armor
351690155
9:55 Feudal Age
11:00 Loom
13:07 Wheelbarrow
13:00 Horse Collar
13:18 Double-Bit Axe
19:49 Castle Age
19:50 Bloodlines
20:37 Hand Cart
20:26 Heavy Plow
20:59 Bow Saw
22:16 Town Watch
26:55 Town Patrol
28:40 Gold Mining
28:44 Stone Mining
30:06 Ballistics
29:52 Murder Holes
33:15 Imperial Age
30:50 Caravan
34:30 Gold Shaft Mining
34:30 Stone Shaft Mining
34:23 Elite War Elephant
37:22 Crop Rotation
37:18 Husbandry
36:38 Cavalier
37:29 Scale Barding Armor
37:36 Forging
38:29 Conscription
39:27 Conscription
40:40 Chemistry
42:50 Chain Barding Armor
43:06 Iron Casting
43:30 Savar
46:00 Plate Barding Armor
46:32 Blast Furnace
57:14 Onager
61:22 Citadels
75:27 Guilds
75:49 Coinage
77:55 Banking
PrawnUnit4591
0:29 Loom
15:08 Feudal Age
16:36 Wheelbarrow
15:42 Horse Collar
15:48 Double-Bit Axe
15:56 Gold Mining
16:05 Stone Mining
24:31 Castle Age
25:39 Hand Cart
25:25 Heavy Plow
25:37 Bow Saw
26:15 Gold Shaft Mining
25:55 Caravan
26:32 Coinage
29:36 Fortified Wall
35:22 Imperial Age
34:23 Fletching
34:33 Padded Archer Armor
35:21 Thumb Ring
35:19 Bodkin Arrow
37:10 Leather Archer Armor
36:55 Bracer
37:05 Scale Barding Armor
37:01 Scale Mail Armor
37:11 Forging
39:15 Artillery
42:15 Banking
41:55 Guilds
46:32 Bracer
47:02 Ring Archer Armor
46:48 Chain Mail Armor
46:53 Chain Barding Armor
47:08 Iron Casting
48:07 Cavalier
50:40 Ballistics
50:41 Bombard Tower
50:07 Arrowslits
50:03 Treadmill Crane
50:35 Elite Janissary
51:17 Crossbowman
52:24 Parthian Tactics
52:07 Treadmill Crane
52:37 Masonry
53:04 Husbandry
53:14 Bloodlines
54:06 Plate Barding Armor
54:31 Blast Furnace
54:01 Plate Mail Armor
53:40 Elite Janissary
54:29 Heavy Camel Rider
57:06 Heavy Scorpion
60:22 Sipahi
59:33 Sappers
61:38 Man-at-Arms
62:19 Squires
62:05 Arson
62:05 Arson
70:48 Capped Ram
73:30 Blast Furnace
73:00 Plate Mail Armor
73:27 Siege Ram
74:18 Long Swordsman
PERSI乛KITLER
12:39 Feudal Age
10:55 Loom
16:58 Castle Age
15:50 Double-Bit Axe
15:47 Horse Collar
20:16 Bow Saw
25:42 Heavy Plow
27:13 Wheelbarrow
33:24 Imperial Age
32:29 Man-at-Arms
35:23 Chemistry
35:43 Ballistics
35:39 Siege Engineers
36:19 Houfnice
38:05 Fletching
39:36 Pikeman
40:18 Squires
40:18 Bodkin Arrow
40:24 Padded Archer Armor
40:30 Scale Mail Armor
41:41 Long Swordsman
42:33 Bracer
42:51 Chain Mail Armor
43:19 Two-Handed Swordsman
44:35 Forging
44:56 Plate Mail Armor
44:42 Champion
52:14 Iron Casting
54:43 Blast Furnace
58:50 Two-Man Saw
74:27 Arson
Connection lost

Rejoining the realm…

Still unreachable

The connection could not be restored.

Session expired

The server has moved on; the page needs a fresh start.